Harfangs vs Griffins
(R1)
Created - October 30, 2017 at 19:01
Goals
|
| Harfangs |
2 |
0 |
4 |
6 |
| Griffins |
4 |
2 |
2 |
8 |
|
Shots
|
| Harfangs |
9 |
14 |
12 |
35 |
| Griffins |
13 |
9 |
16 |
38 |
|
1st period
1. Harfangs , Cody Eakin 4 (Tomas Tatar 5) at 9:11
2. Griffins , Jamie Arniel 5 (Oscar Klefbom 3) at 9:27
3. Griffins , Petr Pohl 5 (Tye McGinn 5, Jamie Arniel 5) at 10:16
4. Griffins , Petr Pohl 6 (Robert Dome 5, Gord Baldwin 1) at 11:59 (PP)
5. Griffins , Robert Dome 4 (Oscar Klefbom 4) at 12:32
6. Harfangs , Brandon Saad 2 (Dennis Everberg 4, Brian Lashoff 2) at 16:51
Penalties :
Jean-Gabriel Pageau (BEA) for Slashing (Minor) at 3:39, Calle Jarnkrok (BEA) for High sticking (Minor) at 11:47, Jean-Gabriel Pageau (BEA) for Hooking (Minor) at 19:07
2nd period
7. Griffins , Petr Pohl 7 (Robert Dome 6, Simon Despres 3) at 5:59 (PP)
8. Griffins , J.T. Brown 4 (Simon Despres 4, Devin Shore 2) at 8:06
Penalties :
Robert Dome (Cap) for Hooking (Minor) at 2:46, Brandon Saad (BEA) for Hooking (Minor) at 5:41, Dylan Olsen (BEA) for Goalie Interference (Minor) at 8:23, Petr Pohl (Cap) for Hooking (Minor) at 12:20
3rd period
9. Harfangs , Cam Atkinson 6 (Dustin Jeffrey 3, Jean-Gabriel Pageau 4) at 5:35 (PP)
10. Harfangs , Cam Atkinson 7 (Brian Lashoff 3, Jean-Gabriel Pageau 5) at 6:51 (SH)
11. Harfangs , Cody Eakin 5 (Calle Jarnkrok 7) at 9:11
12. Griffins , Mike Duco 2 (Oscar Klefbom 5, Greg Mauldin 1) at 13:56
13. Harfangs , Calle Jarnkrok 2 (Andreas Martinsen 5) at 17:54
14. Griffins , Jan Mursak 2 (Jamie Arniel 6) at 19:15 (SH)
Penalties :
Vladislav Namestnikov (Cap) for Interference (Minor) at 5:29, Calle Jarnkrok (BEA) for Hooking (Minor) at 6:40, Theo Peckham (Cap) for Holding (Minor) at 11:40, Dustin Jeffrey (BEA) for Roughing (Minor) at 14:13, Theo Peckham (Cap) for Hooking (Minor) at 17:57, Jean-Gabriel Pageau (BEA) for Interference (Minor) at 19:18
Goalie Stats
Jeremy Duchesne (BEA), 7 saves from 11 shots - (0.636), 12:32 minutes
Andrew Hammond (BEA), 23 saves from 27 shots - (0.852), L, 3-2-1, 47:28 minutes
Jason Missiaen (Cap), 29 saves from 35 shots - (0.829), W, 2-0-2, 60:00 minutes
Players Stats for Harfangs
Player Name G A P +/- PIM S H SB GA TA FO MP PP MP PK MP
------------------------------------------------------------------------------------
Alex Plante 0 0 0 0 0 0 0 0 0 1 0/0 8:27 0:00 0:51
Andreas Martinsen 0 1 1 -1 0 0 2 0 1 0 0/0 11:35 0:00 2:15
Angelo Esposito 0 0 0 1 0 1 0 0 0 0 2/3 6:26 0:00 0:00
Brandon Pirri 0 0 0 0 0 1 1 0 0 0 0/2 13:55 3:23 0:00
Brandon Saad 1 0 1 1 2 2 1 0 1 0 0/0 6:25 0:00 0:00
Brenden Kichton 0 0 0 0 0 0 0 0 0 1 0/0 4:20 0:00 0:00
Brian Lashoff 0 2 2 -1 0 2 2 4 1 0 0/0 29:02 4:23 7:10
Calle Jarnkrok 1 1 2 0 4 5 0 0 0 0 2/6 9:48 0:00 0:00
Cam Atkinson 2 0 2 -2 0 6 2 0 0 2 9/18 23:55 3:55 6:29
Cody Eakin 2 0 2 1 0 5 0 3 0 0 4/11 17:38 3:23 3:10
Cristoval Nieves 0 0 0 0 0 0 0 0 0 0 0/0 0:00 0:00 0:00
Dennis Everberg 0 1 1 1 0 2 1 0 0 0 1/1 7:02 0:06 0:00
Dustin Jeffrey 0 1 1 -2 2 4 5 0 1 1 1/2 19:15 3:55 1:55
Dylan Olsen 0 0 0 0 2 0 1 2 0 0 0/0 17:54 3:01 2:11
Jake Dotchin 0 0 0 0 0 0 0 0 0 0 0/0 0:00 0:00 0:00
Jean-Gabriel Pageau 0 2 2 -2 6 3 1 0 4 1 14/30 21:23 3:36 3:37
Joel Armia 0 0 0 0 0 0 0 0 0 0 0/0 0:43 0:06 0:03
Mark Alt 0 0 0 0 0 0 0 1 0 0 0/0 9:08 0:00 0:16
Michal Repik 0 0 0 -1 0 1 0 0 0 0 0/0 9:18 0:00 0:00
Nathan Beaulieu 0 0 0 -1 0 2 3 2 0 0 0/0 29:02 4:23 7:10
Nick Holden 0 0 0 0 0 0 1 0 2 0 0/0 19:02 3:01 3:18
Reid McNeill 0 0 0 0 0 0 0 0 0 0 0/0 4:20 0:00 0:00
Sebastian Wannstrom 0 0 0 0 0 0 0 0 0 0 0/0 4:45 0:00 3:27
Tobias Rieder 0 0 0 0 0 0 1 0 0 0 0/1 1:28 0:24 0:00
Tomas Tatar 0 1 1 0 0 1 4 0 1 1 3/3 13:55 3:23 0:00
Players Stats for Griffins
Player Name G A P +/- PIM S H SB GA TA FO MP PP MP PK MP
------------------------------------------------------------------------------------
Devin Shore 0 1 1 1 0 0 1 0 0 0 2/4 8:38 0:02 0:22
Gord Baldwin 0 1 1 -1 0 0 0 2 0 1 0/0 17:05 3:36 2:29
Greg Mauldin 0 1 1 0 0 4 0 0 1 0 7/13 15:29 3:47 0:00
J.T. Brown 1 0 1 1 0 1 1 1 1 0 1/1 10:05 0:00 1:55
Jamie Arniel 1 2 3 2 0 3 2 2 0 2 23/46 25:04 6:38 4:12
Jan Mursak 1 0 1 -1 0 4 0 0 0 0 0/2 11:34 0:00 4:12
Justin Braun 0 0 0 0 0 1 0 1 0 0 0/0 8:12 0:00 4:55
Lucas Lessio 0 0 0 -2 0 2 1 0 0 0 0/0 8:41 0:00 1:17
Mike Duco 1 0 1 0 0 5 2 0 0 0 0/0 17:18 3:45 1:55
Nathan Oystrick 0 0 0 1 0 2 0 2 0 2 0/0 15:14 0:00 2:29
Oscar Klefbom 0 3 3 0 0 2 0 1 0 1 0/0 25:07 6:52 0:00
Petr Pohl 3 0 3 1 2 5 0 0 3 1 1/1 22:32 6:41 0:55
Petter Granberg 0 0 0 0 0 0 2 0 0 1 0/0 11:27 3:36 0:00
Pontus Aberg 0 0 0 0 0 1 2 0 0 0 2/2 12:12 0:02 0:00
Robert Dome 1 2 3 0 2 5 4 0 0 0 2/2 15:00 6:41 0:00
Simon Despres 0 2 2 0 0 2 2 0 1 1 0/0 23:43 6:52 2:20
Theo Peckham 0 0 0 2 4 0 2 2 1 2 0/0 19:26 0:03 2:35
Tye McGinn 0 1 1 2 0 1 2 0 0 0 1/1 17:56 3:45 0:00
Vladislav Namestnikov 0 0 0 -2 2 0 0 0 0 0 2/5 7:10 0:00 0:00
3 Stars
1 - Petr Pohl (Cap)
2 - Jamie Arniel (Cap)
3 - Cody Eakin (BEA)
Power Play
Harfangs - 1 on 5 Attempt(s) - 20.00%
Griffins - 2 on 8 Attempt(s) - 25.00%
Penalty Kill
Harfangs - 6 on 8 Attempt(s) - 75.00%
- Score 1 goal in Penalty Kill
Griffins - 4 on 5 Attempt(s) - 80.00%
- Score 1 goal in Penalty Kill
Team Stat
Harfangs - Hits : 25 - Faceoff Wins : 36 - Blocked Shots : 12 - Penalty Minutes : 16
Griffins - Hits : 21 - Faceoff Wins : 41 - Blocked Shots : 11 - Penalty Minutes : 10
Official
Referees : Jackson Dave and Meier Brad
Linesman : Thor Nelson and Lyle Seitz
Game Notes
Andrew Hammond enters game at 12:32 of 1st period
Petr Pohl has scored a Hat Trick!
Finance
Level 1 -- Attendance: 1389 (69.45%) -- Ticket Income $48,615
Level 2 -- Attendance: 674 (67.40%) -- Ticket Income $13,480
Total Attendance: 2063 (68.77%)
Total Ticket Income: $62,095
Other Income: $3,105
Total Income: $65,200
Harfangs
5 vs 5 Forward
Center Left Wing Right Wing Time % Phy DF OF
1 Jean-Gabriel Pageau Dustin Jeffrey Cam Atkinson 40 1 2 2
2 Cody Eakin Tomas Tatar Brandon Pirri 30 1 2 2
3 Calle Jarnkrok Andreas Martinsen Michal Repik 20 1 2 2
4 Angelo Esposito Brandon Saad Dennis Everberg 10 1 2 2
5 vs 5 Defense
Defense Defense Time % Phy DF OF
1 Brian Lashoff Nathan Beaulieu 40 1 2 2
2 Dylan Olsen Nick Holden 30 1 2 2
3 Alex Plante Mark Alt 20 1 2 2
4 Reid McNeill Brenden Kichton 10 1 2 2
PowerPlay Forward
Center Left Wing Right Wing Time % Phy DF OF
1 Jean-Gabriel Pageau Dustin Jeffrey Cam Atkinson 60 1 2 2
2 Cody Eakin Tomas Tatar Brandon Pirri 40 1 2 2
PowerPlay Defense
Defense Defense Time % Phy DF OF
1 Brian Lashoff Nathan Beaulieu 60 1 2 2
2 Dylan Olsen Nick Holden 40 1 2 2
Penalty Kill 4 Players Forward
Center Wing Time % Phy DF OF
1 Cam Atkinson Jean-Gabriel Pageau 60 1 2 2
2 Cody Eakin Dustin Jeffrey 40 1 2 2
Penalty Kill 4 Players Defense
Defense Defense Time % Phy DF OF
1 Brian Lashoff Nathan Beaulieu 60 1 2 2
2 Dylan Olsen Nick Holden 40 1 2 2
Penalty Kill - 3 Players Forward
Forward Time % Phy DF OF
1 Cam Atkinson 60 1 2 2
2 Jean-Gabriel Pageau 40 1 2 2
Penalty Kill - 3 Players Defense
Defense Defense Time % Phy DF OF
1 Brian Lashoff Nathan Beaulieu 60 1 2 2
2 Dylan Olsen Nick Holden 40 1 2 2
4 vs 4 Forward
Center Wing Time % Phy DF OF
1 Cam Atkinson Jean-Gabriel Pageau 60 1 2 2
2 Cody Eakin Dustin Jeffrey 40 1 2 2
4 vs 4 Defense
Defense Defense Time % Phy DF OF
1 Brian Lashoff Nathan Beaulieu 60 1 2 2
2 Dylan Olsen Nick Holden 40 1 2 2
Last Minutes Offensive
Center Left Wing Right Wing Defense Defense
Jean-Gabriel Pageau Dustin Jeffrey Cam Atkinson Brian Lashoff Nathan Beaulieu
Last Minutes Defensive
Center Left Wing Right Wing Defense Defense
Jean-Gabriel Pageau Dustin Jeffrey Cam Atkinson Brian Lashoff Nathan Beaulieu
Goaltenders
Starting : Jeremy Duchesne
Backup : Andrew Hammond
Extra Forwards
Normal : Tobias Rieder, Joel Armia, Sebastian Wannstrom - PP : Tobias Rieder, Joel Armia - PK : Sebastian Wannstrom
Extra Defensemen
Normal : Jake Dotchin, Alex Plante, Mark Alt - PP : Jake Dotchin - PK : Alex Plante, Mark Alt
Penalty Shots
Cam Atkinson, Jean-Gabriel Pageau, Cody Eakin, Dustin Jeffrey, Tomas Tatar
Scratches
John Macfarland (Healthy), Brendan Leipsic (Healthy), Connor Hellebyuk (Healthy), Anton Forsberg (Healthy), Jason Kasdorf (Healthy)
Mark Visentin (Healthy), Scott Wedgewood (Healthy)
Griffins
5 vs 5 Forward
Center Left Wing Right Wing Time % Phy DF OF
1 Jamie Arniel Tye McGinn Petr Pohl 40 1 2 2
2 Greg Mauldin Pontus Aberg Mike Duco 30 1 2 2
3 Devin Shore Robert Dome J.T. Brown 20 1 2 2
4 Vladislav Namestnikov Jan Mursak Lucas Lessio 10 1 2 2
5 vs 5 Defense
Defense Defense Time % Phy DF OF
1 Theo Peckham Oscar Klefbom 40 1 2 2
2 Nathan Oystrick Simon Despres 30 1 2 2
3 Gord Baldwin Petter Granberg 20 1 2 2
4 Gord Baldwin Justin Braun 10 1 2 2
PowerPlay Forward
Center Left Wing Right Wing Time % Phy DF OF
1 Jamie Arniel Robert Dome Petr Pohl 60 1 2 2
2 Greg Mauldin Tye McGinn Mike Duco 40 1 2 2
PowerPlay Defense
Defense Defense Time % Phy DF OF
1 Simon Despres Oscar Klefbom 60 1 2 2
2 Gord Baldwin Petter Granberg 40 1 2 2
Penalty Kill 4 Players Forward
Center Wing Time % Phy DF OF
1 Jamie Arniel Jan Mursak 60 1 2 2
2 J.T. Brown Mike Duco 40 1 2 2
Penalty Kill 4 Players Defense
Defense Defense Time % Phy DF OF
1 Theo Peckham Justin Braun 60 1 2 2
2 Gord Baldwin Nathan Oystrick 40 1 2 2
Penalty Kill - 3 Players Forward
Forward Time % Phy DF OF
1 Jamie Arniel 60 1 2 2
2 Mike Duco 40 1 2 2
Penalty Kill - 3 Players Defense
Defense Defense Time % Phy DF OF
1 Theo Peckham Justin Braun 60 1 2 2
2 Gord Baldwin Nathan Oystrick 40 1 2 2
4 vs 4 Forward
Center Wing Time % Phy DF OF
1 Robert Dome Petr Pohl 60 1 2 2
2 Jamie Arniel Tye McGinn 40 1 2 2
4 vs 4 Defense
Defense Defense Time % Phy DF OF
1 Theo Peckham Oscar Klefbom 60 1 2 2
2 Gord Baldwin Simon Despres 40 1 2 2
Last Minutes Offensive
Center Left Wing Right Wing Defense Defense
Jamie Arniel Robert Dome Petr Pohl Oscar Klefbom Simon Despres
Last Minutes Defensive
Center Left Wing Right Wing Defense Defense
Jamie Arniel Jan Mursak Mike Duco Theo Peckham Nathan Oystrick
Goaltenders
Starting : Jason Missiaen
Backup : Thomas Greiss
Extra Forwards
Normal : Jamie Arniel, Tye McGinn, Pontus Aberg - PP : Pontus Aberg, Devin Shore - PK : Petr Pohl
Extra Defensemen
Normal : Theo Peckham, Simon Despres, Petter Granberg - PP : Theo Peckham - PK : Simon Despres, Oscar Klefbom
Penalty Shots
Robert Dome, Petr Pohl, Jamie Arniel, Tye McGinn, Greg Mauldin
Scratches
Garrett Wilson (Healthy), Tanner Kero (Healthy), Greg McKegg (Healthy), Kyle Lawson (Healthy), Brett Bulmer (Healthy)
Stuart Percy (Healthy), Rich Clune (Healthy), Jerome Gauthier-Leduc (Healthy), Konrad Abeltshauser (Healthy), Tomas Hyka (Healthy)
Brian Hart (Healthy), Casey Wellman (Healthy), Tyler Beskorowany (Healthy)
% Time on Ice - Harfangs
Lines # - Real PCT - Wanted PCT - Time Play
Normal Forward
1 - 35% - 40% - 14:42
2 - 27% - 30% - 11:04
3 - 22% - 20% - 9:18
4 - 16% - 10% - 6:26
Normal Defense
1 - 41% - 40% - 16:51
2 - 31% - 30% - 12:43
3 - 18% - 20% - 7:36
4 - 10% - 10% - 4:20
PP Forward
1 - 54% - 60% - 4:01
2 - 46% - 40% - 3:23
PP Defense
1 - 59% - 60% - 4:23
2 - 41% - 40% - 3:01
PK Forward
1 - 75% - 60% - 7:53
2 - 25% - 40% - 2:35
PK Defense
1 - 68% - 60% - 7:10
2 - 32% - 40% - 3:18
PK3 Forward
1 - 0% - 60%
2 - 0% - 40%
PK3 Defense
1 - 0% - 60%
2 - 0% - 40%
44 Forward
1 - 100% - 60% - 0:38
2 - 0% - 40% - 0:00
44 Defense
1 - 100% - 60% - 0:38
2 - 0% - 40% - 0:00
Last Minute Offensive - 0:00
Last Minute Defensive - 0:00
Total
Forward - 60:00
Defense - 60:00
|
% Time on Ice - Griffins
Lines # - Real PCT - Wanted PCT - Time Play
Normal Forward
1 - 35% - 40% - 14:27
2 - 28% - 30% - 11:42
3 - 20% - 20% - 8:10
4 - 17% - 10% - 7:11
Normal Defense
1 - 43% - 40% - 17:53
2 - 31% - 30% - 12:59
3 - 18% - 20% - 7:37
4 - 7% - 10% - 3:01
PP Forward
1 - 64% - 60% - 6:41
2 - 36% - 40% - 3:47
PP Defense
1 - 66% - 60% - 6:52
2 - 34% - 40% - 3:36
PK Forward
1 - 74% - 60% - 5:29
2 - 26% - 40% - 1:55
PK Defense
1 - 66% - 60% - 4:55
2 - 34% - 40% - 2:29
PK3 Forward
1 - 0% - 60%
2 - 0% - 40%
PK3 Defense
1 - 0% - 60%
2 - 0% - 40%
44 Forward
1 - 100% - 60% - 0:38
2 - 0% - 40% - 0:00
44 Defense
1 - 100% - 60% - 0:38
2 - 0% - 40% - 0:00
Last Minute Offensive - 0:00
Last Minute Defensive - 0:00
Total
Forward - 60:00
Defense - 60:00
|
Play by Play
1st period
0:01 of 1st period - Jean-Gabriel Pageau wins face-off versus Jamie Arniel in neutral zone.
0:04 of 1st period - Wrist shot by Cam Atkinson.
0:04 of 1st period - Shot Misses the Net.
0:48 of 1st period - Wrist shot by Petr Pohl.
0:48 of 1st period - Shot Misses the Net.
1:55 of 1st period - Petter Granberg is hit by Andreas Martinsen and loses puck.
2:15 of 1st period - Wrist shot by Cody Eakin.
2:15 of 1st period - Stopped by Jason Missiaen with a rebound.
2:54 of 1st period - Off-side.
2:55 of 1st period - Angelo Esposito wins face-off versus Vladislav Namestnikov in neutral zone.
3:07 of 1st period - Slapshot by Jan Mursak.
3:07 of 1st period - Deflect By Lucas Lessio.
3:07 of 1st period - Shot Misses the Net.
3:07 of 1st period - Puck is out of play.
3:08 of 1st period - Jamie Arniel wins face-off versus Cody Eakin in Harfangs zone.
3:33 of 1st period - Dustin Jeffrey is hit by Pontus Aberg and loses puck.
3:39 of 1st period - Minor Penalty to Jean-Gabriel Pageau for Slashing.
3:40 of 1st period - Cam Atkinson wins face-off versus Jamie Arniel in Harfangs zone.
3:46 of 1st period - Slapshot by Nathan Beaulieu.
3:46 of 1st period - Deflect By Cam Atkinson.
3:46 of 1st period - Stopped by Jason Missiaen without a rebound.
3:47 of 1st period - Cam Atkinson wins face-off versus Jamie Arniel in Griffins zone.
4:00 of 1st period - Snap shot by Robert Dome.
4:00 of 1st period - Stopped by Jeremy Duchesne without a rebound.
4:01 of 1st period - Cam Atkinson wins face-off versus Jamie Arniel in Harfangs zone.
5:39 of 1st period - Penalty to Jean-Gabriel Pageau is over, Jean-Gabriel Pageau is back on ice.
5:46 of 1st period - Jan Mursak is hit by Dennis Everberg and loses puck.
6:07 of 1st period - Brandon Pirri is hit by Devin Shore and loses puck.
6:12 of 1st period - Slapshot by Robert Dome.
6:12 of 1st period - Stopped by Jeremy Duchesne with a rebound.
6:24 of 1st period - Theo Peckham is hit by Jean-Gabriel Pageau.
6:34 of 1st period - Brenden Kichton is hit by Theo Peckham and loses puck.
6:41 of 1st period - Theo Peckham is hit by Dustin Jeffrey and loses puck.
7:10 of 1st period - Dennis Everberg is hit by Lucas Lessio and loses puck.
7:15 of 1st period - Wrist shot by Jan Mursak.
7:15 of 1st period - Stopped by Jeremy Duchesne with a rebound.
8:01 of 1st period - Snap shot by Jean-Gabriel Pageau.
8:01 of 1st period - Shot Misses the Net.
8:30 of 1st period - Gord Baldwin is hit by Brian Lashoff and loses puck.
8:49 of 1st period - Wrist shot by Petr Pohl.
8:49 of 1st period - Shot Misses the Net.
8:51 of 1st period - Wrist shot by Jamie Arniel.
8:51 of 1st period - Deflect By Petr Pohl.
8:51 of 1st period - Shot Misses the Net.
8:51 of 1st period - Puck is out of play.
8:52 of 1st period - Jean-Gabriel Pageau wins face-off versus Jamie Arniel in Harfangs zone.
8:59 of 1st period - Wrist shot by Cam Atkinson.
8:59 of 1st period - Stopped by Jason Missiaen with a rebound.
9:03 of 1st period - Backhand shot by Cam Atkinson.
9:03 of 1st period - Shot Misses the Net.
9:05 of 1st period - Backhand shot by Dustin Jeffrey.
9:05 of 1st period - Shot Blocked by Jamie Arniel.
9:07 of 1st period - Wrist shot by Jean-Gabriel Pageau.
9:07 of 1st period - Deflect By Cam Atkinson.
9:07 of 1st period - Shot Blocked by Oscar Klefbom.
9:07 of 1st period - Puck is out of play.
9:08 of 1st period - Tomas Tatar wins face-off versus Greg Mauldin in Griffins zone.
9:11 of 1st period - Snap shot by Cody Eakin.
9:11 of 1st period - Goal by Cody Eakin - Harfangs : 1 - Griffins : 0.
9:12 of 1st period - Jamie Arniel wins face-off versus Jean-Gabriel Pageau in neutral zone.
9:27 of 1st period - Slapshot by Jamie Arniel.
9:27 of 1st period - Goal by Jamie Arniel - Harfangs : 1 - Griffins : 1.
9:28 of 1st period - Greg Mauldin wins face-off versus Jean-Gabriel Pageau in neutral zone.
9:55 of 1st period - Petr Pohl is hit by Tomas Tatar and loses puck.
10:02 of 1st period - Snap shot by Petr Pohl.
10:02 of 1st period - Deflect By Tye McGinn.
10:02 of 1st period - Shot Misses the Net.
10:02 of 1st period - Puck is out of play.
10:03 of 1st period - Jamie Arniel wins face-off versus Cam Atkinson in Harfangs zone.
10:10 of 1st period - Snap shot by Petr Pohl.
10:10 of 1st period - Stopped by Jeremy Duchesne with a rebound.
10:12 of 1st period - Snap shot by Petr Pohl.
10:12 of 1st period - Shot Misses the Net.
10:14 of 1st period - Slapshot by Petr Pohl.
10:14 of 1st period - Shot Blocked by Dylan Olsen.
10:16 of 1st period - Snap shot by Petr Pohl.
10:16 of 1st period - Goal by Petr Pohl - Harfangs : 1 - Griffins : 2.
10:17 of 1st period - Greg Mauldin wins face-off versus Jean-Gabriel Pageau in neutral zone.
10:26 of 1st period - Wrist shot by Mike Duco.
10:26 of 1st period - Stopped by Jeremy Duchesne with a rebound.
10:28 of 1st period - Slapshot by Oscar Klefbom.
10:28 of 1st period - Stopped by Jeremy Duchesne with a rebound.
10:30 of 1st period - Wrist shot by Greg Mauldin.
10:30 of 1st period - Shot Blocked by Mark Alt.
10:32 of 1st period - Wrist shot by Mike Duco.
10:32 of 1st period - Stopped by Jeremy Duchesne with a rebound.
10:41 of 1st period - Icing by Jean-Gabriel Pageau.
10:42 of 1st period - Jamie Arniel wins face-off versus Cody Eakin in Harfangs zone.
11:47 of 1st period - Minor Penalty to Calle Jarnkrok for High sticking.
11:48 of 1st period - Jamie Arniel wins face-off versus Cam Atkinson in Harfangs zone.
11:53 of 1st period - Snap shot by Robert Dome.
11:53 of 1st period - Shot Blocked by Brian Lashoff.
11:55 of 1st period - Slapshot by Gord Baldwin.
11:55 of 1st period - Shot Blocked by Brian Lashoff.
11:57 of 1st period - Slapshot by Robert Dome.
11:57 of 1st period - Shot Misses the Net.
11:59 of 1st period - Slapshot by Petr Pohl.
11:59 of 1st period - Goal by Petr Pohl - Harfangs : 1 - Griffins : 3.
12:00 of 1st period - Jean-Gabriel Pageau wins face-off versus Jamie Arniel in neutral zone.
12:30 of 1st period - Wrist shot by Robert Dome.
12:30 of 1st period - Shot Blocked by Brian Lashoff.
12:32 of 1st period - Slapshot by Robert Dome.
12:32 of 1st period - Goal by Robert Dome - Harfangs : 1 - Griffins : 4.
12:32 of 1st period - Andrew Hammond enters game.
12:33 of 1st period - Tomas Tatar wins face-off versus Jamie Arniel in neutral zone.
12:58 of 1st period - Greg Mauldin is hit by Dustin Jeffrey.
13:14 of 1st period - Cam Atkinson is hit by Mike Duco and loses puck.
13:53 of 1st period - Wrist shot by Dennis Everberg.
13:53 of 1st period - Shot Misses the Net.
14:51 of 1st period - Wrist shot by Greg Mauldin.
14:51 of 1st period - Stopped by Andrew Hammond without a rebound.
14:52 of 1st period - Pontus Aberg wins face-off versus Calle Jarnkrok in Harfangs zone.
15:27 of 1st period - Snap shot by J.T. Brown.
15:27 of 1st period - Shot Misses the Net.
15:37 of 1st period - Robert Dome is hit by Andreas Martinsen and loses puck.
15:50 of 1st period - Slapshot by Calle Jarnkrok.
15:50 of 1st period - Stopped by Jason Missiaen without a rebound.
15:51 of 1st period - Jamie Arniel wins face-off versus Jean-Gabriel Pageau in Griffins zone.
16:21 of 1st period - Slapshot by Brandon Pirri.
16:21 of 1st period - Shot Misses the Net.
16:37 of 1st period - Wrist shot by Angelo Esposito.
16:37 of 1st period - Stopped by Jason Missiaen with a rebound.
16:39 of 1st period - Slapshot by Brian Lashoff.
16:39 of 1st period - Stopped by Jason Missiaen without a rebound.
16:40 of 1st period - Dennis Everberg wins face-off versus Vladislav Namestnikov in Griffins zone.
16:51 of 1st period - Backhand shot by Brandon Saad.
16:51 of 1st period - Goal by Brandon Saad - Harfangs : 2 - Griffins : 4.
16:52 of 1st period - Jean-Gabriel Pageau wins face-off versus Jamie Arniel in neutral zone.
17:24 of 1st period - Snap shot by Mike Duco.
17:24 of 1st period - Shot Blocked by Dylan Olsen.
17:26 of 1st period - Slapshot by Mike Duco.
17:26 of 1st period - Shot Misses the Net.
17:44 of 1st period - Snap shot by Jan Mursak.
17:44 of 1st period - Stopped by Andrew Hammond with a rebound.
17:58 of 1st period - J.T. Brown is hit by Nick Holden and loses puck.
18:05 of 1st period - Dennis Everberg is hit by J.T. Brown and loses puck.
18:30 of 1st period - Snap shot by Cam Atkinson.
18:30 of 1st period - Stopped by Jason Missiaen without a rebound.
18:31 of 1st period - Jamie Arniel wins face-off versus Brandon Pirri in Griffins zone.
18:31 of 1st period - Jamie Arniel is hit by Brandon Pirri.
19:07 of 1st period - Minor Penalty to Jean-Gabriel Pageau for Hooking.
19:08 of 1st period - Jamie Arniel wins face-off versus Cam Atkinson in Harfangs zone.
Goals for this period are 2 for Harfangs vs 4 for Griffins.
Shots for this period are 9 for Harfangs vs 13 for Griffins.
2nd period
0:01 of 2nd period - Cam Atkinson wins face-off versus Jamie Arniel in neutral zone.
1:07 of 2nd period - Penalty to Jean-Gabriel Pageau is over, Jean-Gabriel Pageau is back on ice.
1:26 of 2nd period - Snap shot by Jan Mursak.
1:26 of 2nd period - Shot Misses the Net.
1:28 of 2nd period - Backhand shot by Lucas Lessio.
1:28 of 2nd period - Stopped by Andrew Hammond without a rebound.
1:29 of 2nd period - Jean-Gabriel Pageau wins face-off versus Devin Shore in Harfangs zone.
1:29 of 2nd period - Jean-Gabriel Pageau is hit by Robert Dome.
1:39 of 2nd period - Snap shot by Robert Dome.
1:39 of 2nd period - Stopped by Andrew Hammond without a rebound.
1:40 of 2nd period - Jean-Gabriel Pageau wins face-off versus Jamie Arniel in Harfangs zone.
2:40 of 2nd period - Wrist shot by Tomas Tatar.
2:40 of 2nd period - Stopped by Jason Missiaen with a rebound.
2:42 of 2nd period - Slapshot by Nick Holden.
2:42 of 2nd period - Deflect By Cody Eakin.
2:42 of 2nd period - Shot Misses the Net.
2:42 of 2nd period - Puck is out of play.
2:43 of 2nd period - Devin Shore wins face-off versus Jean-Gabriel Pageau in Griffins zone.
2:43 of 2nd period - Devin Shore is hit by Dustin Jeffrey.
2:46 of 2nd period - Minor Penalty to Robert Dome for Hooking.
2:47 of 2nd period - Dustin Jeffrey wins face-off versus Jamie Arniel in Griffins zone.
2:55 of 2nd period - Snap shot by Jean-Gabriel Pageau.
2:55 of 2nd period - Shot Blocked by Justin Braun.
2:57 of 2nd period - Slapshot by Nathan Beaulieu.
2:57 of 2nd period - Shot Blocked by Theo Peckham.
2:59 of 2nd period - Wrist shot by Dustin Jeffrey.
2:59 of 2nd period - Stopped by Jason Missiaen without a rebound.
3:00 of 2nd period - Jean-Gabriel Pageau wins face-off versus Jamie Arniel in Griffins zone.
3:01 of 2nd period - Wrist shot by Dustin Jeffrey.
3:01 of 2nd period - Stopped by Jason Missiaen without a rebound.
3:02 of 2nd period - Jean-Gabriel Pageau wins face-off versus Jan Mursak in Griffins zone.
4:46 of 2nd period - Penalty to Robert Dome is over, Robert Dome is back on ice.
4:59 of 2nd period - Wrist shot by Greg Mauldin.
4:59 of 2nd period - Shot Misses the Net.
5:28 of 2nd period - Brandon Saad is hit by Petter Granberg and loses puck.
5:41 of 2nd period - Minor Penalty to Brandon Saad for Hooking.
5:42 of 2nd period - Jamie Arniel wins face-off versus Cam Atkinson in Harfangs zone.
5:47 of 2nd period - Wrist shot by Jamie Arniel.
5:47 of 2nd period - Shot Blocked by Nathan Beaulieu.
5:49 of 2nd period - Snap shot by Robert Dome.
5:49 of 2nd period - Stopped by Andrew Hammond without a rebound.
5:50 of 2nd period - Cam Atkinson wins face-off versus Jamie Arniel in Harfangs zone.
5:59 of 2nd period - Slapshot by Petr Pohl.
5:59 of 2nd period - Goal by Petr Pohl - Harfangs : 2 - Griffins : 5.
6:00 of 2nd period - Jean-Gabriel Pageau wins face-off versus Jamie Arniel in neutral zone.
6:03 of 2nd period - Snap shot by Dustin Jeffrey.
6:03 of 2nd period - Stopped by Jason Missiaen without a rebound.
6:04 of 2nd period - Jean-Gabriel Pageau wins face-off versus Jamie Arniel in Griffins zone.
6:07 of 2nd period - Snap shot by Jean-Gabriel Pageau.
6:07 of 2nd period - Stopped by Jason Missiaen with a rebound.
6:09 of 2nd period - Slapshot by Nathan Beaulieu.
6:09 of 2nd period - Deflect By Petr Pohl.
6:09 of 2nd period - Stopped by Jason Missiaen with a rebound.
6:11 of 2nd period - Snap shot by Dustin Jeffrey.
6:11 of 2nd period - Shot Misses the Net.
6:13 of 2nd period - Snap shot by Brian Lashoff.
6:13 of 2nd period - Shot Misses the Net.
6:15 of 2nd period - Backhand shot by Brian Lashoff.
6:15 of 2nd period - Shot Blocked by Theo Peckham.
6:17 of 2nd period - Snap shot by Jean-Gabriel Pageau.
6:17 of 2nd period - Shot Misses the Net.
6:19 of 2nd period - Snap shot by Cam Atkinson.
6:19 of 2nd period - Stopped by Jason Missiaen without a rebound.
6:20 of 2nd period - Greg Mauldin wins face-off versus Cody Eakin in Griffins zone.
6:33 of 2nd period - Snap shot by Greg Mauldin.
6:33 of 2nd period - Deflect By Mike Duco.
6:33 of 2nd period - Shot Misses the Net.
6:33 of 2nd period - Puck is out of play.
6:34 of 2nd period - Jamie Arniel wins face-off versus Jean-Gabriel Pageau in Harfangs zone.
7:01 of 2nd period - Theo Peckham is hit by Nathan Beaulieu and loses puck.
7:25 of 2nd period - Snap shot by Andreas Martinsen.
7:25 of 2nd period - Shot Misses the Net.
7:42 of 2nd period - Snap shot by Michal Repik.
7:42 of 2nd period - Stopped by Jason Missiaen with a rebound.
7:52 of 2nd period - Snap shot by Robert Dome.
7:52 of 2nd period - Shot Misses the Net.
8:02 of 2nd period - Snap shot by J.T. Brown.
8:02 of 2nd period - Shot Misses the Net.
8:04 of 2nd period - Snap shot by Devin Shore.
8:04 of 2nd period - Shot Blocked by Nathan Beaulieu.
8:06 of 2nd period - Slapshot by Simon Despres.
8:06 of 2nd period - Deflect By J.T. Brown.
8:06 of 2nd period - Goal by J.T. Brown - Harfangs : 2 - Griffins : 6.
8:07 of 2nd period - Jamie Arniel wins face-off versus Dustin Jeffrey in neutral zone.
8:23 of 2nd period - Minor Penalty to Dylan Olsen for Goalie Interference.
8:24 of 2nd period - Cam Atkinson wins face-off versus Jamie Arniel in Harfangs zone.
8:24 of 2nd period - Cam Atkinson is hit by Robert Dome.
8:49 of 2nd period - Jean-Gabriel Pageau is hit by Simon Despres and loses puck.
9:33 of 2nd period - Cody Eakin is hit by Mike Duco and loses puck.
10:23 of 2nd period - Penalty to Dylan Olsen is over, Dylan Olsen is back on ice.
10:24 of 2nd period - Dylan Olsen is hit by Robert Dome and loses puck.
11:32 of 2nd period - Snap shot by Jean-Gabriel Pageau.
11:32 of 2nd period - Shot Misses the Net.
11:34 of 2nd period - Wrist shot by Jean-Gabriel Pageau.
11:34 of 2nd period - Shot Blocked by Gord Baldwin.
11:36 of 2nd period - Slapshot by Dylan Olsen.
11:36 of 2nd period - Shot Blocked by Gord Baldwin.
11:38 of 2nd period - Wrist shot by Jean-Gabriel Pageau.
11:38 of 2nd period - Stopped by Jason Missiaen without a rebound.
11:39 of 2nd period - Cody Eakin wins face-off versus Vladislav Namestnikov in Griffins zone.
12:11 of 2nd period - Slapshot by Brandon Saad.
12:11 of 2nd period - Shot Misses the Net.
12:13 of 2nd period - Snap shot by Brandon Saad.
12:13 of 2nd period - Deflect By Dennis Everberg.
12:13 of 2nd period - Shot Misses the Net.
12:13 of 2nd period - Puck is out of play.
12:14 of 2nd period - Cody Eakin wins face-off versus Jamie Arniel in Griffins zone.
12:17 of 2nd period - Slapshot by Cody Eakin.
12:17 of 2nd period - Stopped by Jason Missiaen without a rebound.
12:18 of 2nd period - Jamie Arniel wins face-off versus Cody Eakin in Griffins zone.
12:20 of 2nd period - Minor Penalty to Petr Pohl for Hooking.
12:21 of 2nd period - Jamie Arniel wins face-off versus Brandon Pirri in Griffins zone.
12:31 of 2nd period - Snap shot by Jan Mursak.
12:31 of 2nd period - Stopped by Andrew Hammond with a rebound.
13:36 of 2nd period - Theo Peckham is hit by Tomas Tatar and loses puck.
14:20 of 2nd period - Penalty to Petr Pohl is over, Petr Pohl is back on ice.
14:22 of 2nd period - Slapshot by Dennis Everberg.
14:22 of 2nd period - Stopped by Jason Missiaen without a rebound.
14:23 of 2nd period - Greg Mauldin wins face-off versus Tobias Rieder in Griffins zone.
14:38 of 2nd period - Simon Despres is hit by Tobias Rieder and loses puck.
14:57 of 2nd period - Snap shot by Andreas Martinsen.
14:57 of 2nd period - Shot Misses the Net.
15:52 of 2nd period - Greg Mauldin is hit by Dylan Olsen and loses puck.
16:01 of 2nd period - Snap shot by Brandon Saad.
16:01 of 2nd period - Stopped by Jason Missiaen without a rebound.
16:02 of 2nd period - Jamie Arniel wins face-off versus Jean-Gabriel Pageau in Griffins zone.
16:27 of 2nd period - Tomas Tatar is hit by Pontus Aberg and loses puck.
16:32 of 2nd period - Wrist shot by Mike Duco.
16:32 of 2nd period - Shot Misses the Net.
16:34 of 2nd period - Snap shot by Pontus Aberg.
16:34 of 2nd period - Shot Misses the Net.
16:48 of 2nd period - Wrist shot by Michal Repik.
16:48 of 2nd period - Shot Blocked by J.T. Brown.
17:07 of 2nd period - Icing by Nathan Beaulieu.
17:08 of 2nd period - Angelo Esposito wins face-off versus Jamie Arniel in Harfangs zone.
17:08 of 2nd period - Angelo Esposito is hit by Tye McGinn.
17:13 of 2nd period - Nathan Beaulieu is hit by Simon Despres and loses puck.
18:01 of 2nd period - Backhand shot by Calle Jarnkrok.
18:01 of 2nd period - Stopped by Jason Missiaen with a rebound.
18:07 of 2nd period - Slapshot by Nathan Oystrick.
18:07 of 2nd period - Stopped by Andrew Hammond without a rebound.
18:08 of 2nd period - Pontus Aberg wins face-off versus Jean-Gabriel Pageau in Harfangs zone.
18:11 of 2nd period - Snap shot by Greg Mauldin.
18:11 of 2nd period - Stopped by Andrew Hammond without a rebound.
18:12 of 2nd period - Jean-Gabriel Pageau wins face-off versus Greg Mauldin in Harfangs zone.
18:23 of 2nd period - Backhand shot by Dustin Jeffrey.
18:23 of 2nd period - Shot Misses the Net.
18:25 of 2nd period - Slapshot by Nathan Beaulieu.
18:25 of 2nd period - Stopped by Jason Missiaen without a rebound.
18:26 of 2nd period - Tomas Tatar wins face-off versus Greg Mauldin in Griffins zone.
18:29 of 2nd period - Wrist shot by Cody Eakin.
18:29 of 2nd period - Shot Misses the Net.
18:31 of 2nd period - Slapshot by Tomas Tatar.
18:31 of 2nd period - Deflect By Brandon Pirri.
18:31 of 2nd period - Shot Misses the Net.
18:31 of 2nd period - Puck is out of play.
18:32 of 2nd period - Greg Mauldin wins face-off versus Cody Eakin in Griffins zone.
18:36 of 2nd period - Oscar Klefbom is hit by Nathan Beaulieu and loses puck.
19:30 of 2nd period - Slapshot by Jamie Arniel.
19:30 of 2nd period - Stopped by Andrew Hammond with a rebound.
19:40 of 2nd period - Petr Pohl is hit by Brandon Saad and loses puck.
19:47 of 2nd period - Slapshot by Theo Peckham.
19:47 of 2nd period - Shot Misses the Net.
19:49 of 2nd period - Backhand shot by Tye McGinn.
19:49 of 2nd period - Shot Misses the Net.
19:53 of 2nd period - Snap shot by Tye McGinn.
19:53 of 2nd period - Shot Misses the Net.
19:55 of 2nd period - Slapshot by Petr Pohl.
19:55 of 2nd period - Shot Misses the Net.
Goals for this period are 0 for Harfangs vs 2 for Griffins.
Shots for this period are 14 for Harfangs vs 9 for Griffins.
3rd period
0:01 of 3rd period - Jamie Arniel wins face-off versus Cam Atkinson in neutral zone.
0:26 of 3rd period - Tomas Tatar is hit by Theo Peckham.
0:27 of 3rd period - Icing by Tomas Tatar.
0:28 of 3rd period - Cody Eakin wins face-off versus Greg Mauldin in Harfangs zone.
0:36 of 3rd period - Slapshot by Mike Duco.
0:36 of 3rd period - Shot Misses the Net.
0:40 of 3rd period - Snap shot by Pontus Aberg.
0:40 of 3rd period - Stopped by Andrew Hammond with a rebound.
0:42 of 3rd period - Snap shot by Mike Duco.
0:42 of 3rd period - Stopped by Andrew Hammond with a rebound.
0:44 of 3rd period - Snap shot by Greg Mauldin.
0:44 of 3rd period - Stopped by Andrew Hammond with a rebound.
0:46 of 3rd period - Snap shot by Greg Mauldin.
0:46 of 3rd period - Shot Misses the Net.
0:48 of 3rd period - Snap shot by Mike Duco.
0:48 of 3rd period - Shot Blocked by Cody Eakin.
0:50 of 3rd period - Slapshot by Nathan Oystrick.
0:50 of 3rd period - Shot Hit the Post.
0:52 of 3rd period - Slapshot by Mike Duco.
0:52 of 3rd period - Shot Misses the Net.
1:16 of 3rd period - Wrist shot by Brandon Pirri.
1:16 of 3rd period - Stopped by Jason Missiaen without a rebound.
1:17 of 3rd period - Jamie Arniel wins face-off versus Cam Atkinson in Griffins zone.
1:17 of 3rd period - Jamie Arniel is hit by Nathan Beaulieu.
1:24 of 3rd period - Off-side.
1:25 of 3rd period - Jamie Arniel wins face-off versus Jean-Gabriel Pageau in neutral zone.
1:28 of 3rd period - Snap shot by Jean-Gabriel Pageau.
1:28 of 3rd period - Shot Blocked by Jamie Arniel.
1:38 of 3rd period - Jean-Gabriel Pageau is hit by Tye McGinn and loses puck.
2:01 of 3rd period - Slapshot by Simon Despres.
2:01 of 3rd period - Deflect By Tye McGinn.
2:01 of 3rd period - Stopped by Andrew Hammond with a rebound.
2:03 of 3rd period - Snap shot by Simon Despres.
2:03 of 3rd period - Stopped by Andrew Hammond with a rebound.
2:05 of 3rd period - Slapshot by Nathan Oystrick.
2:05 of 3rd period - Stopped by Andrew Hammond with a rebound.
2:07 of 3rd period - Slapshot by Nathan Oystrick.
2:07 of 3rd period - Shot Misses the Net.
2:09 of 3rd period - Slapshot by Jamie Arniel.
2:09 of 3rd period - Stopped by Andrew Hammond with a rebound.
2:11 of 3rd period - Snap shot by Jamie Arniel.
2:11 of 3rd period - Deflect By Petr Pohl.
2:11 of 3rd period - Shot Blocked by Brian Lashoff.
2:11 of 3rd period - Puck is out of play.
2:12 of 3rd period - Cody Eakin wins face-off versus Greg Mauldin in Harfangs zone.
2:23 of 3rd period - Snap shot by Mike Duco.
2:23 of 3rd period - Stopped by Andrew Hammond with a rebound.
2:50 of 3rd period - Snap shot by Calle Jarnkrok.
2:50 of 3rd period - Shot Misses the Net.
3:12 of 3rd period - Snap shot by Dennis Everberg.
3:12 of 3rd period - Stopped by Jason Missiaen without a rebound.
3:13 of 3rd period - Jamie Arniel wins face-off versus Jean-Gabriel Pageau in Griffins zone.
3:38 of 3rd period - Petter Granberg is hit by Tomas Tatar and loses puck.
4:06 of 3rd period - Off-side.
4:07 of 3rd period - Jamie Arniel wins face-off versus Jean-Gabriel Pageau in neutral zone.
4:39 of 3rd period - Snap shot by Nathan Beaulieu.
4:39 of 3rd period - Shot Misses the Net.
4:41 of 3rd period - Slapshot by Brian Lashoff.
4:41 of 3rd period - Deflect By Oscar Klefbom.
4:41 of 3rd period - Stopped by Jason Missiaen with a rebound.
4:43 of 3rd period - Snap shot by Brandon Pirri.
4:43 of 3rd period - Shot Misses the Net.
5:13 of 3rd period - Slapshot by Oscar Klefbom.
5:13 of 3rd period - Stopped by Andrew Hammond without a rebound.
5:14 of 3rd period - Vladislav Namestnikov wins face-off versus Angelo Esposito in Harfangs zone.
5:19 of 3rd period - Snap shot by Lucas Lessio.
5:19 of 3rd period - Stopped by Andrew Hammond with a rebound.
5:27 of 3rd period - Lucas Lessio is hit by Brian Lashoff and loses puck.
5:29 of 3rd period - Minor Penalty to Vladislav Namestnikov for Interference.
5:30 of 3rd period - Jamie Arniel wins face-off versus Jean-Gabriel Pageau in Griffins zone.
5:33 of 3rd period - Snap shot by Dustin Jeffrey.
5:33 of 3rd period - Shot Misses the Net.
5:35 of 3rd period - Wrist shot by Cam Atkinson.
5:35 of 3rd period - Goal by Cam Atkinson - Harfangs : 3 - Griffins : 6.
5:36 of 3rd period - Tye McGinn wins face-off versus Jean-Gabriel Pageau in neutral zone.
6:40 of 3rd period - Minor Penalty to Calle Jarnkrok for Hooking.
6:41 of 3rd period - Cam Atkinson wins face-off versus Jamie Arniel in Harfangs zone.
6:41 of 3rd period - Cam Atkinson is hit by Jamie Arniel.
6:51 of 3rd period - Snap shot by Cam Atkinson.
6:51 of 3rd period - Goal by Cam Atkinson - Harfangs : 4 - Griffins : 6.
6:52 of 3rd period - Cam Atkinson wins face-off versus Jamie Arniel in neutral zone.
7:17 of 3rd period - Mike Duco is hit by Dustin Jeffrey and loses puck.
8:40 of 3rd period - Penalty to Calle Jarnkrok is over, Calle Jarnkrok is back on ice.
8:42 of 3rd period - Mike Duco is hit by Dustin Jeffrey and loses puck.
9:05 of 3rd period - Slapshot by Cody Eakin.
9:05 of 3rd period - Stopped by Jason Missiaen with a rebound.
9:07 of 3rd period - Wrist shot by Cody Eakin.
9:07 of 3rd period - Shot Misses the Net.
9:09 of 3rd period - Snap shot by Calle Jarnkrok.
9:09 of 3rd period - Stopped by Jason Missiaen with a rebound.
9:11 of 3rd period - Snap shot by Cody Eakin.
9:11 of 3rd period - Goal by Cody Eakin - Harfangs : 5 - Griffins : 6.
9:12 of 3rd period - Calle Jarnkrok wins face-off versus Greg Mauldin in neutral zone.
9:38 of 3rd period - Petr Pohl is hit by Cam Atkinson and loses puck.
9:43 of 3rd period - Slapshot by Jean-Gabriel Pageau.
9:43 of 3rd period - Stopped by Jason Missiaen with a rebound.
10:42 of 3rd period - Brenden Kichton is hit by Jamie Arniel and loses puck.
10:53 of 3rd period - Snap shot by Petr Pohl.
10:53 of 3rd period - Stopped by Andrew Hammond without a rebound.
10:54 of 3rd period - Greg Mauldin wins face-off versus Jean-Gabriel Pageau in Harfangs zone.
11:07 of 3rd period - Slapshot by Greg Mauldin.
11:07 of 3rd period - Stopped by Andrew Hammond without a rebound.
11:08 of 3rd period - Jamie Arniel wins face-off versus Cam Atkinson in Harfangs zone.
11:40 of 3rd period - Minor Penalty to Theo Peckham for Holding.
11:41 of 3rd period - Jamie Arniel wins face-off versus Jean-Gabriel Pageau in Griffins zone.
12:06 of 3rd period - Simon Despres is hit by Tomas Tatar and loses puck.
12:44 of 3rd period - Icing by Dylan Olsen.
12:45 of 3rd period - J.T. Brown wins face-off versus Cody Eakin in Harfangs zone.
13:10 of 3rd period - Jamie Arniel is hit by Cam Atkinson and loses puck.
13:40 of 3rd period - Penalty to Theo Peckham is over, Theo Peckham is back on ice.
13:52 of 3rd period - Icing by Michal Repik.
13:53 of 3rd period - Greg Mauldin wins face-off versus Calle Jarnkrok in Harfangs zone.
13:56 of 3rd period - Slapshot by Mike Duco.
13:56 of 3rd period - Goal by Mike Duco - Harfangs : 5 - Griffins : 7.
13:57 of 3rd period - Jean-Gabriel Pageau wins face-off versus Jamie Arniel in neutral zone.
14:13 of 3rd period - Minor Penalty to Dustin Jeffrey for Roughing.
14:14 of 3rd period - Cam Atkinson wins face-off versus Jamie Arniel in Harfangs zone.
14:48 of 3rd period - Wrist shot by Mike Duco.
14:48 of 3rd period - Shot Misses the Net.
15:04 of 3rd period - Jean-Gabriel Pageau is hit by Robert Dome.
16:13 of 3rd period - Penalty to Dustin Jeffrey is over, Dustin Jeffrey is back on ice.
16:21 of 3rd period - Nathan Beaulieu is hit by Petter Granberg.
16:24 of 3rd period - Off-side.
16:25 of 3rd period - Vladislav Namestnikov wins face-off versus Calle Jarnkrok in neutral zone.
17:32 of 3rd period - Wrist shot by Robert Dome.
17:32 of 3rd period - Shot Misses the Net.
17:44 of 3rd period - Slapshot by Andreas Martinsen.
17:44 of 3rd period - Shot Blocked by Nathan Oystrick.
17:46 of 3rd period - Wrist shot by Michal Repik.
17:46 of 3rd period - Shot Misses the Net.
17:48 of 3rd period - Slapshot by Brenden Kichton.
17:48 of 3rd period - Shot Blocked by Nathan Oystrick.
17:50 of 3rd period - Wrist shot by Calle Jarnkrok.
17:50 of 3rd period - Stopped by Jason Missiaen without a rebound.
17:51 of 3rd period - Calle Jarnkrok wins face-off versus Devin Shore in Griffins zone.
17:52 of 3rd period - Wrist shot by Andreas Martinsen.
17:52 of 3rd period - Shot Misses the Net.
17:54 of 3rd period - Snap shot by Calle Jarnkrok.
17:54 of 3rd period - Goal by Calle Jarnkrok - Harfangs : 6 - Griffins : 7.
17:55 of 3rd period - Devin Shore wins face-off versus Calle Jarnkrok in neutral zone.
17:57 of 3rd period - Minor Penalty to Theo Peckham for Hooking.
17:58 of 3rd period - Jean-Gabriel Pageau wins face-off versus Jan Mursak in Griffins zone.
18:02 of 3rd period - Slapshot by Dustin Jeffrey.
18:02 of 3rd period - Stopped by Jason Missiaen with a rebound.
19:03 of 3rd period - Backhand shot by Lucas Lessio.
19:03 of 3rd period - Deflect By Petr Pohl.
19:03 of 3rd period - Shot Blocked by Cody Eakin.
19:03 of 3rd period - Puck is out of play.
19:04 of 3rd period - Rick Tocchet call a timeout for Harfangs.
19:04 of 3rd period - Petr Pohl wins face-off versus Cody Eakin in Harfangs zone.
19:07 of 3rd period - Slapshot by Petr Pohl.
19:07 of 3rd period - Shot Blocked by Cody Eakin.
19:09 of 3rd period - Backhand shot by Justin Braun.
19:09 of 3rd period - Stopped by Andrew Hammond with a rebound.
19:11 of 3rd period - Slapshot by Simon Despres.
19:11 of 3rd period - Stopped by Andrew Hammond without a rebound.
19:12 of 3rd period - Jamie Arniel wins face-off versus Jean-Gabriel Pageau in Harfangs zone.
19:15 of 3rd period - Snap shot by Jan Mursak.
19:15 of 3rd period - Deflect By Dustin Jeffrey.
19:15 of 3rd period - Goal by Jan Mursak - Harfangs : 6 - Griffins : 8.
19:16 of 3rd period - Jean-Gabriel Pageau wins face-off versus Jamie Arniel in neutral zone.
19:18 of 3rd period - Minor Penalty to Jean-Gabriel Pageau for Interference.
19:19 of 3rd period - Robert Dome wins face-off versus Cam Atkinson in Harfangs zone.
19:21 of 3rd period - Snap shot by Robert Dome.
19:21 of 3rd period - Shot Misses the Net.
19:33 of 3rd period - Snap shot by Petr Pohl.
19:33 of 3rd period - Deflect By Robert Dome.
19:33 of 3rd period - Shot Hit the Post.
19:33 of 3rd period - Puck is out of play.
19:34 of 3rd period - Robert Dome wins face-off versus Cam Atkinson in Harfangs zone.
19:57 of 3rd period - Penalty to Theo Peckham is over, Theo Peckham is back on ice.
Goals for this period are 4 for Harfangs vs 2 for Griffins.
Shots for this period are 12 for Harfangs vs 16 for Griffins.
Back to the Top